 Dungeon Crawl Stone Soup version 0.30-a0-339-g89bb51ec76 (webtiles) character file.

Game seed: 17152694850809956349

478 Muataran the Cleaver (level 7, -9/63 HPs)
             Began as a Hill Orc Monk on Oct 31, 2022.
             Killed from afar by Ijyb (18 damage)
             ... with a bolt of light
             ... on level 4 of the Dungeon.
             The game lasted 00:07:12 (4165 turns).

Muataran the Cleaver (Hill Orc Monk)                Turns: 4165, Time: 00:07:12

Health: -9/63      AC: 10    Str: 16    XL:     7   Next: 11%
Magic:  7/7        EV:  7    Int: 14    God:
Gold:   139        SH:  0    Dex: 13    Spells: 6/6 levels left

rFire   . . .      SeeInvis .    c - +1 war axe of the Lusting Gods {flame, *Noise rPois rN+ Int+4}
rCold   . . .      Faith    .    (no shield)
rNeg    + . .      Spirit   .    q - +0 chain mail
rPois   +          Reflect  .    (no helmet)
rElec   .          Harm     .    (no cloak)
rCorr   .          Rampage  .    h - +1 pair of gloves
Will    .....                    (no boots)
Stlth   ..........               (no amulet)
HPRegen 0.30/turn                (no ring)
MPRegen 0.10/turn                (no ring)

@: no status effects
A: no striking features
a: no special abilities


You were on level 4 of the Dungeon.
You visited 1 branch of the dungeon, and saw 4 of its levels.

You collected 139 gold pieces.

Inventory:

Hand Weapons
 a - a +1 hand axe
 c - the +1 war axe of the Lusting Gods (weapon) {flame, *Noise rPois rN+ Int+4}
   (You took it off an orc on level 3 of the Dungeon)

   It burns those it strikes, dealing additional fire damage.
   Big, fiery blades are also staple armaments of hydra-hunters.
   Int:       It affects your intelligence (+4).
   rPois:     It protects you from poison.
   rN:        It protects you from negative energy.
   *Noise:    It may make noises in combat.
Armour
 b - a +0 robe
 h - a +1 pair of gloves (worn)
 q - a +0 chain mail (worn)
Jewellery
 p - a ring of see invisible
 w - a ring of fire
Scrolls
 i - a scroll of vulnerability {unknown}
 j - a scroll of immolation {unknown}
 k - 2 scrolls of magic mapping {unknown}
 l - a scroll of blinking {unknown}
 m - 2 scrolls of identify {unknown}
 o - a scroll of fear {unknown}
 r - 2 scrolls of teleportation {unknown}
 u - a scroll of acquirement {unknown}
 v - a scroll of noise {unknown}
Potions
 d - a potion of degeneration {unknown}
 e - 3 potions of mutation {unknown}
 f - a potion of cancellation {unknown}
 g - a potion of ambrosia
 n - 2 potions of might {unknown}
 s - a potion of invisibility {unknown}
 t - a potion of lignification {unknown}


   Skills:
 + Level 6.1 Fighting
 * Level 8.7 Axes
 - Level 2.4 Dodging
 - Level 1.5 Stealth


You had 6 spell levels left.
You didn't know any spells.
Your spell library was empty.

Dungeon Overview and Level Annotations

Branches:
Dungeon (4/15)
 Temple: D:4-7

Altars:
Ru

Annotations:
D:4 Ijyb


Message History

Found a club.
w - a ring of fire
Found an escape hatch in the ceiling.
You see here a staff of conjuration.
Found a stone staircase leading up.
There is an escape hatch in the ceiling here.
You open the door.
Ijyb the Twisted Goblin comes into view.
She is wielding a +0 dagger and carrying a wand of light (10).
Ijyb zaps a wand.
The bolt of light hits you.
You are confused.
You are too confused!
You are too confused!
You are too confused!
You bump into the rock wall.
Ijyb zaps a wand.
The bolt of light hits you!
You are more confused.
You're too confused to move!
Ijyb hits you with a +0 dagger.
You slash Ijyb! You burn Ijyb.
Ijyb is heavily wounded.
Ijyb zaps a wand.
The bolt of light hits you.
You are more confused.
You're too confused to move!
Ijyb hits you with a +0 dagger.
You're too confused to move!
Ijyb zaps a wand.
The bolt of light misses you.
You hit Ijyb but do no damage.
Ijyb is heavily wounded.
Ijyb zaps a wand.
The bolt of light hits you!
You are more confused.
You bump into the rock wall.
Ijyb hits you with a +0 dagger.
You bump into the rock wall.
Ijyb hits you but does no damage.
You're too confused to move!
Ijyb zaps a wand.
The bolt of light hits you!
You are more confused.
* * * LOW HITPOINT WARNING * * *
You barely miss Ijyb.
Ijyb is heavily wounded.
Ijyb zaps a wand.
The bolt of light misses you.
You're too confused to move!
Ijyb hits you but does no damage.
You hit Ijyb. You burn Ijyb.
Ijyb is severely wounded.
You feel less confused.
Ijyb zaps a wand.
The bolt of light hits you!!
You die...

####.###
#.##.##########..#
#......#
#.#..........##..#
#.##(#.####
#.........##.##...
#.........#
#..........#.##.##
####.##.##(#
#..........#.##.#
.....##.##.#
#........[......#
###..##....#
#..........#.####
#<#..#######
#.########.#.#
#.#..# #@# #.#.#
#.#... #g# #.#.#
#.#.### #.# #.#.#
#.#.. #.# #.#.#
#.#.. #.# #.#.#
#.#.. #.# #.# #.#
#.# #.# #.#


You could see Ijyb.

Vanquished Creatures
  Grinder (D:3)
  A black bear (D:3)
  An orc priest (D:3)
  An iguana (D:3)
  An orc wizard (D:3)
  3 gnolls
  2 worms (D:2)
  A dart slug (D:1)
  9 orcs (D:3)
  13 endoplasms
  5 goblins
  3 hobgoblins (D:1)
  5 jackals
  7 quokkas
  7 ball pythons
  4 bats
  A frilled lizard (D:2)
  4 kobolds
  3 rats
72 creatures vanquished.

Vanquished Creatures (others)
  5 plants (D:1)
5 creatures vanquished.

Grand Total: 77 creatures vanquished

Notes
Turn   | Place    | Note
-------+----------+-------------------------------------------
     0 | D:1      | Muataran the Hill Orc Monk began the quest for the Orb.
     0 | D:1      | Reached XP level 1. HP: 19/19 MP: 1/1
   164 | D:1      | Reached XP level 2. HP: 8/27 MP: 2/2
   698 | D:1      | Reached skill level 5 in Axes
   743 | D:1      | Reached XP level 3. HP: 33/33 MP: 3/3
  1548 | D:1      | Reached XP level 4. HP: 18/41 MP: 0/4
  1766 | D:2      | Identified the +1 long sword of Watchfulness {flame, Int+4}
  1890 | D:2      | Reached skill level 6 in Axes
  2290 | D:3      | Noticed Grinder
  2293 | D:3      | Paralysed by Grinder for 2 turns
  2431 | D:3      | Paralysed by Grinder for 3 turns
  2524 | D:3      | Paralysed by Grinder for 2 turns
  2537 | D:3      | Paralysed by Grinder for 4 turns
  2617 | D:3      | Paralysed by Grinder for 2 turns
  2881 | D:3      | Killed Grinder
  2882 | D:3      | Reached skill level 5 in Fighting
  2882 | D:3      | Reached skill level 7 in Axes
  2882 | D:3      | Reached XP level 5. HP: 39/49 MP: 5/5
  2882 | D:3      | Reached XP level 6. HP: 44/56 MP: 6/6
  3044 | D:3      | Reached skill level 8 in Axes
  3179 | D:3      | Found a sacrificial altar of Ru.
  3288 | D:3      | Noticed a black bear
  3316 | D:3      | Killed a black bear
  3317 | D:3      | Reached XP level 7. HP: 3/63 MP: 7/7
  3520 | D:3      | Identified the +1 war axe of the Lusting Gods {flame,
                  | *Noise rPois rN+ Int+4}
  4150 | D:4      | Noticed Ijyb
  4165 | D:4      | Killed from afar by Ijyb

Illustrated notes

Levels and vault maps discovered:
D:1:      dpeg_arrival_connections, layout_loops_corners, st_stairs_5,
          serial_bayou_ford_a
D:2:      layout_rooms
D:3:      layout_basic, nicolae_ru_great_annihilating_truth,
          minmay_starry_boxes, uniq_grinder
D:4:      layout_basic, regret_index_temple_of_mockery, uniq_duvessa,
          uniq_sigmund, uniq_natasha, uniq_ijyb

Skill      XL: |  1  2  3  4  5  6 |
---------------+-------------------+-----
Fighting       | 4 5 6 |  6.1
Axes           | 5 7 8 |  8.7
Dodging        | |  2.4
Stealth        | |  1.5

Action                   |  1- 3 |  4- 6 |  7- 9 || total
-------------------------+-------+-------+-------++-------
Melee: Hand axe          |   143 |   164 |    11 ||   318
       Punch             |     1 |     5 |       ||     6
       War axe           |       |       |    27 ||    27
  Use: Scroll            |       |     2 |       ||     2
       Potion            |       |     1 |       ||     1
 Stab: Sleeping          |     6 |       |       ||     6
       Paralysed         |       |     1 |       ||     1
Armor: Robe              |    22 |       |       ||    22
       Chain mail        |       |    66 |    15 ||    81
       Ring mail         |       |     4 |       ||     4
Dodge: Dodged            |   106 |    60 |    17 ||   183

Table legend: (Time is in decaauts)
 A = Elapsed time spent in this place.
 B = Non-inter-level travel time spent in this place.
 C = Inter-level travel time spent in this place.
 D = Time resting spent in this place.
 E = Time spent auto-exploring this place.
 F = Levels seen in this place.
 G = Mean time per level.
                   A        B        C        D        E       F      G
               +--------+--------+--------+--------+--------+-----+--------+
         Total |   4180 |   4041 |    139 |    746 |   2397 |   4 | 1045.0 |
       Dungeon |   4180 |   4041 |    139 |    746 |   2397 |   4 | 1045.0 |
               +--------+--------+--------+--------+--------+-----+--------+

Top non-repeatable levels by time:
     D:1: 1444 daAuts
     D:3: 1360 daAuts
     D:2: 1114 daAuts
     D:4: 260 daAuts
